Map: [ESL] Dragon Scales

Players

Maru - Winner!

  • Race: Terran Terran
  • Spawn Location: 5:00

GuMiho

  • Race: Terran Terran
  • Spawn Location: 11:00

Event: ESL SC2 Masters 2023 Summer (Finals)

VOD

Have the link to the VOD?

Description

Time

  • Played on: June 17, 2023, 12:47 p.m.
  • Length: 18:37

All games in this series

Show
View Real Time Build Order
Export as new Build Order

Maru Terran - Winner!

Build Orders: Reaper Expand 

Get SALT Encoding   

  12  0:00  SCV  
  13  0:12  SCV  
  14  0:17  Supply Depot  
  14  0:24  SCV  
  15  0:38  SCV  
  15  0:40  Barracks  
  15  0:42  Refinery  
  16  0:50  SCV  
  17  1:02  SCV  
  18  1:15  SCV  
  19  1:27  Orbital Command, Reaper  
  20  1:40  Command Center  
  20  1:52  Supply Depot  
  20  1:53  SCV  
  21  1:59  Marine  
  22  2:05  SCV  
  23  2:08  Factory  
  23  2:16  Marine  
  23  2:17  SCV  
  23  2:22  Refinery  
  25  2:24  Bunker  
  25  2:29  SCV  
  26  2:34  Barracks Reactor  
  26  2:41  SCV  
  27  2:52  Orbital Command  
  27  2:53  Hellion, SCV  
  30  2:59  Starport  
  30  3:06  SCV  
  30  3:11  Marine x2  
  33  3:15  Factory Tech Lab  
  33  3:18  SCV x2  
  35  3:30  SCV, Supply Depot  
  35  3:31  SCV  
  35  3:32  Marine x2  
  39  3:35  Cyclone  
  39  3:36  Starport Tech Lab  
  42  3:42  SCV  
  42  3:43  SCV  
  44  3:54  SCV  
  44  3:55  SCV  
  46  3:56  Raven  
  47  4:04  Command Center  
  47  4:06  SCV  
  47  4:07  Cyclone  
  51  4:12  SCV, Supply Depot  
  52  4:18  SCV  
  52  4:20  Marine, Refinery  
  54  4:32  Supply Depot  
  54  4:34  Raven, Marine, SCV  
  58  4:38  Refinery  
  58  4:45  SCV  
  57  4:46  SCV  
  57  4:51  Marine x2  
  60  4:54  Siege Tank  
  60  4:59  Barracks x2  
  63  5:03  SCV x2  
  65  5:13  Engineering Bay  
  65  5:14  Engineering Bay  
  65  5:15  SCV  
  65  5:16  Orbital Command, SCV  
  67  5:22  Viking  
  67  5:25  Viking  
  70  5:29  Siege Tank  
  70  5:35  SCV  
  70  5:39  SCV  
  72  5:43  Marine  
  72  5:44  Stimpack  
  73  5:52  Barracks Reactor x2  
  73  5:53  Viking  
  73  5:55  Viking  
  77  6:01  Marine  
  77  6:03  Supply Depot  
  78  6:04  SCV x2  
  78  6:09  Terran Infantry Weapons Level 1  
  80  6:13  Terran Infantry Armor Level 1  
  80  6:18  Marine  
  80  6:20  Barracks  
  80  6:21  Barracks  
  80  6:23  Missile Turret  
  80  6:25  Missile Turret  
  81  6:30  Marine  
  82  6:34  Orbital Command  
  82  6:35  Viking x2  
  82  6:36  SCV x2  
  88  6:41  Supply Depot  
  87  6:48  Marine, SCV x2  
  87  6:52  Siege Tank  
  93  7:01  Supply Depot  
  93  7:03  SCV x3  
  93  7:07  Barracks Tech Lab  
  96  7:08  Barracks Tech Lab, Supply Depot  
  96  7:11  Viking x2  
  96  7:15  SCV, Supply Depot  
  101  7:17  Supply Depot  
  101  7:23  SCV x2, Combat Shield  
  101  7:27  SCV  
  101  7:29  Marauder x3, Concussive Shells  
  109  7:31  Marine x2  
  109  7:32  Marine  
  109  7:33  Marine  
  109  7:35  SCV x2  
  115  7:37  Siege Tank  
  115  7:39  SCV, Supply Depot  
  115  7:44  Medivac  
  121  7:47  Medivac  
  121  7:48  SCV x2  
  121  7:50  Supply Depot  
  125  7:53  Marine  
  125  7:54  Marine  
  119  7:59  SCV  
  119  8:00  SCV x2  
  119  8:03  Marauder x2  
  100  8:11  SCV  
  100  8:12  SCV  
  86  8:13  SCV  
  86  8:15  Marine x2  
  86  8:17  Marauder  
  87  8:23  SCV  
  87  8:24  SCV, Siege Tank, Marauder  
  87  8:25  SCV  
  87  8:26  Marine  
  93  8:35  SCV  
  93  8:36  Liberator, SCV  
  93  8:37  SCV  
  93  8:41  Liberator  
  102  8:43  Marine x2  
  102  8:47  SCV  
  105  8:48  SCV  
  105  8:51  Marauder x2  
  105  8:52  Marauder  
  105  8:54  SCV  
  113  9:01  Siege Tank  
  113  9:02  Marine x4  
  120  9:06  Missile Turret  
  120  9:12  Marauder x2, SCV  
  120  9:13  Marine  
  126  9:23  Medivac  
  126  9:24  SCV x2, Medivac  
  130  9:25  Marine x3  
  130  9:31  Marauder  
  137  9:33  Armory  
  137  9:34  Marauder  
  139  9:42  Marine x2, Marauder  
  143  9:52  Marauder  
  141  9:54  Command Center  
  141  9:59  Marine x2, Marauder  
  126  10:01  Marine x2  
  126  10:04  Marauder, Medivac  
  124  10:13  SCV x3  
  124  10:14  Marauder  
  129  10:17  Marine, Refinery x2  
  129  10:19  Starport  
  129  10:21  Marauder  
  132  10:23  Marine x3  
  132  10:25  Marauder, SCV x2  
  136  10:32  Siege Tank  
  136  10:34  Marine x2  
  138  10:37  Viking x2  
  138  10:40  Marine x2  
  144  10:57  Starport  
  144  11:00  Marine x4  
  144  11:01  Marine, Starport Reactor  
  149  11:05  Marine, Supply Depot x2  
  149  11:06  Terran Infantry Weapons Level 2  
  149  11:07  Viking x2  
  154  11:12  Orbital Command  
  154  11:14  SCV x3  
  154  11:17  Terran Ship Weapons Level 1  
  157  11:26  SCV x3, Supply Depot  
  157  11:30  Terran Infantry Armor Level 2  
  160  11:36  Refinery  
  160  11:37  Command Center, Refinery  
  160  11:39  Viking x2  
  164  11:41  Starport Tech Lab  
  164  11:45  SCV  
  164  11:46  SCV x3  
  168  11:49  Viking  
  168  11:53  Viking  
  172  11:56  Marine x2  
  174  12:02  Raven  
  174  12:04  Marine x2  
  176  12:12  Viking  
  167  12:23  Starport  
  167  12:24  Starport Tech Lab  
  167  12:25  Viking  
  167  12:26  Starport  
  167  12:27  Armory  
  169  12:37  Raven  
  171  12:40  Command Center  
  171  12:46  Raven  
  171  12:48  Viking  
  171  12:50  Orbital Command  
  171  12:51  Missile Turret  
  175  12:52  Command Center  
  175  12:53  SCV x4  
  179  13:05  SCV  
  180  13:09  Starport Reactor, Starport Tech Lab  
  180  13:11  Raven  
  182  13:14  Viking  
  182  13:18  Viking  
  182  13:19  Terran Ship Weapons Level 2  
  186  13:20  Raven  
  186  13:21  Terran Vehicle And Ship Armor Level 1  
  186  13:22  Command Center  
  188  13:27  Missile Turret  
  188  13:29  Missile Turret  
  188  13:33  Raven  
  190  13:45  Raven  
  190  13:46  Viking x2  
  190  13:47  Viking  
  198  13:51  Missile Turret  
  198  13:52  Missile Turret  
  198  13:53  Missile Turret  
  198  13:54  Raven  
  200  14:00  Terran Infantry Weapons Level 3, Missile Turret  
  200  14:02  Missile Turret  
  200  14:04  Missile Turret, Sensor Tower  
  200  14:09  Orbital Command  
  200  14:10  Orbital Command  
  200  14:21  Raven x2, Viking  
  197  14:26  Viking  
  197  14:29  Refinery  
  197  14:30  Refinery  
  199  14:35  Planetary Fortress  
  197  14:46  Raven  
  199  14:54  Command Center  
  199  14:55  Command Center  
  199  15:10  Viking x2  
  199  15:16  Missile Turret  
  199  15:17  Missile Turret  
  199  15:19  Missile Turret  
  199  15:24  Missile Turret  
  199  15:33  Marine  
  194  15:47  Starport x3  
  163  16:07  Supply Depot x2  
  163  16:08  Supply Depot x2  
  163  16:09  Supply Depot  
  157  16:23  Starport Reactor x3  
  156  16:26  Supply Depot  
  156  16:27  Supply Depot x2  
  156  16:30  Orbital Command x2  
  149  16:51  Supply Depot  
  149  16:54  Supply Depot  
  149  17:03  Orbital Command  
  145  17:09  Supply Depot x2  
  145  17:12  Viking  
  148  17:23  Viking  
  146  17:31  Viking  
  148  17:37  Supply Depot  
  148  17:38  Supply Depot  
  148  17:39  Supply Depot  
  148  17:40  Supply Depot  
  145  17:56  Orbital Command  
  145  17:59  Viking x2  
  145  18:00  Viking x3  
  145  18:01  Viking  
  127  18:20  SCV  
  127  18:22  SCV  
Show
View Real Time Build Order
Export as new Build Order

GuMiho Terran 

Build Orders: Cyclone Opening 

Get SALT Encoding   

  12  0:00  SCV  
  13  0:12  SCV  
  14  0:16  Supply Depot  
  14  0:24  SCV  
  14  0:27  Refinery  
  15  0:38  SCV  
  16  0:44  Barracks  
  16  0:50  SCV  
  16  0:54  Refinery  
  17  1:02  SCV  
  18  1:14  SCV  
  19  1:31  Orbital Command, Reaper  
  20  1:34  Factory  
  20  1:45  Supply Depot  
  20  1:56  SCV  
  21  2:03  Marine  
  23  2:08  SCV  
  23  2:17  Hellion  
  23  2:20  SCV  
  26  2:23  Barracks Tech Lab  
  26  2:25  Command Center  
  26  2:32  SCV  
  27  2:39  Supply Depot  
  27  2:40  Factory Tech Lab  
  27  2:44  Starport  
  27  2:47  SCV  
  28  2:58  Cyclone  
  31  3:01  SCV  
  32  3:13  SCV  
  32  3:16  Hyperflight Rotors  
  33  3:20  Banshee  
  33  3:22  Refinery  
  33  3:25  SCV  
  37  3:37  Orbital Command  
  37  3:41  SCV  
  38  3:51  Cyclone  
  38  3:53  SCV  
  42  3:56  Refinery  
  42  3:57  Barracks Reactor  
  42  4:03  SCV  
  42  4:05  SCV  
  42  4:09  Banshee  
  47  4:15  SCV  
  48  4:17  SCV, Supply Depot  
  48  4:22  Factory  
  49  4:30  SCV x2  
  50  4:35  Siege Tank  
  53  4:42  SCV x2  
  53  4:44  Supply Depot  
  55  4:49  Starport  
  55  4:53  Banshee  
  55  4:56  SCV  
  55  4:57  SCV  
  60  5:04  Supply Depot  
  60  5:06  Supply Depot  
  60  5:09  SCV x2, Factory Tech Lab  
  60  5:14  Siege Tank  
  65  5:21  SCV x2  
  67  5:33  SCV x2  
  66  5:42  Starport Tech Lab  
  65  5:45  SCV x2, Command Center  
  65  5:47  Siege Tank  
  70  5:51  Siege Tank  
  73  5:57  SCV x2, Viking  
  73  5:59  Viking  
  76  6:09  SCV x2  
  78  6:12  Banshee, Supply Depot  
  78  6:13  Supply Depot  
  81  6:21  Siege Tank  
  84  6:29  Viking  
  86  6:34  Viking, Siege Tank  
  86  6:37  SCV x2  
  93  6:41  Supply Depot  
  93  6:43  Supply Depot  
  93  6:49  SCV, Refinery  
  93  6:50  SCV, Refinery  
  93  7:02  Viking x2  
  93  7:04  SCV x2  
  93  7:07  Orbital Command  
  99  7:16  SCV x2  
  99  7:17  Viking  
  103  7:28  SCV  
  104  7:31  SCV  
  104  7:32  Viking  
  104  7:36  Siege Tank x2  
  113  7:38  SCV  
  113  7:40  SCV  
  113  7:43  SCV  
  113  7:44  Viking  
  118  7:47  Viking  
  118  7:50  SCV  
  119  8:02  Viking  
  119  8:04  SCV  
  110  8:05  SCV  
  110  8:08  Siege Tank x2  
  104  8:14  Viking  
  104  8:17  Viking  
  103  8:23  SCV x2  
  103  8:32  Viking  
  105  8:36  Command Center  
  105  8:40  Siege Tank  
  107  8:43  Fusion Core, Starport  
  107  8:47  Viking  
  109  8:53  SCV x3  
  112  9:02  Viking  
  117  9:04  Siege Tank  
  117  9:05  SCV x3  
  122  9:13  Armory  
  122  9:15  Armory  
  122  9:17  SCV  
  123  9:24  Supply Depot  
  123  9:25  Command Center  
  123  9:27  Command Center  
  123  9:31  Engineering Bay  
  123  9:35  Battlecruiser  
  126  9:40  Battlecruiser  
  132  9:46  Weapon Refit  
  113  10:02  Viking  
  113  10:03  Viking  
  112  10:09  Terran Vehicle Weapons Level 1  
  107  10:25  SCV x3  
  106  10:35  Siege Tank x2  
  112  10:37  Orbital Command, SCV x3  
  115  10:49  SCV  
  115  10:52  Orbital Command  
  115  10:53  Orbital Command  
  115  11:03  Sensor Tower  
  115  11:05  Viking x2  
  115  11:07  Siege Tank  
  122  11:20  Siege Tank  
  122  11:22  Missile Turret  
  125  11:25  Missile Turret  
  125  11:26  Missile Turret  
  125  11:27  Viking x2, Missile Turret, Command Center  
  125  11:32  Missile Turret  
  129  11:35  Viking x2  
  133  11:42  Siege Tank  
  136  11:52  Siege Tank  
  139  12:03  Orbital Command  
  139  12:07  Missile Turret  
  139  12:08  Missile Turret  
  139  12:14  Siege Tank  
  142  12:22  Viking x2  
  146  12:23  Battlecruiser  
  152  12:30  Refinery  
  152  12:32  Refinery  
  152  12:35  Missile Turret  
  152  12:36  Missile Turret  
  152  12:37  Missile Turret  
  152  12:38  Missile Turret  
  152  12:40  Missile Turret  
  155  12:44  Siege Tank  
  155  12:48  Missile Turret  
  155  12:56  Terran Ship Weapons Level 1, Terran Vehicle And Ship Armor Level 1  
  155  13:00  Viking x2  
  155  13:01  Viking  
  161  13:10  Command Center  
  161  13:18  Siege Tank x2  
  167  13:22  Supply Depot x2  
  167  13:25  Sensor Tower  
  167  13:26  Hi-Sec Auto Tracking  
  167  13:28  Mag-Field Accelerator  
  167  13:33  Viking  
  167  13:34  Viking  
  171  13:37  Viking  
  171  13:40  Viking  
  175  13:51  Siege Tank  
  175  13:54  Missile Turret  
  178  14:05  Siege Tank  
  181  14:23  Viking x4  
  181  14:24  Siege Tank  
  188  14:37  Siege Tank  
  185  14:53  Viking x3  
  185  14:56  Siege Tank  
  194  15:10  Missile Turret  
  194  15:13  Missile Turret  
  192  15:15  Siege Tank  
  190  15:28  Engineering Bay  
  176  16:04  Missile Turret  
  174  16:20  Supply Depot x2  
  174  16:21  Supply Depot  
  174  16:23  Missile Turret x2  
  174  16:24  Missile Turret  
  174  16:28  Missile Turret  
  174  16:30  Orbital Command  
  173  16:45  Missile Turret  
  169  17:09  Missile Turret  
  169  17:10  Missile Turret  
  169  17:13  Missile Turret  
  169  17:14  Missile Turret  
Tags
 
Add a new tag
Caveats
  • Supply blocks, unpowered buildings, or Contaminate may cause inaccurate times.
  • Supply counts are checked every 10 seconds.